 Dungeon Crawl Stone Soup version 0.24-a0-582-g4d4af813a0 (webtiles) character file.

Game seed: 3290834362766877584

93828 Argons the Imperceptible (level 15, 78/78 HPs)
             Began as a Felid Warper on Aug 25, 2019.
             Was the Champion of Dithmenos.
             Quit the game on level 2 of the Shoals on Aug 26, 2019.
             The game lasted 05:28:57 (57466 turns).

Argons the Imperceptible (Felid Warper)            Turns: 57466, Time: 05:28:58

Health: 78/78      AC:  3    Str:  7    XL:     15   Next: 61%
Magic:  23/23      EV: 33    Int: 15    God:    Dithmenos [******]
Gold:   1073       SH:  0    Dex: 22    Spells: 3/24 levels left
                                        Lives:  0   Deaths: 2

rFire    . . .     SeeInvis +     - Unarmed
rCold    + . .     Gourm    .   (shield unavailable)
rNeg     . . .     Faith    .   (armour unavailable)
rPois    .         Spirit   .   (helmet unavailable)
rElec    .         Reflect  .   (cloak unavailable)
rCorr    .         Harm     .   (gloves unavailable)
MR       ++...                  (boots unavailable)
Stlth    ++++++++++             D - amulet of regeneration
HPRegen  0.63/turn              i - +5 ring of slaying
MPRegen  0.18/turn              f - ring of flight

@: wreathed by umbra, quick
A: very small, no armour, no weapons or thrown items, stealth, claws 1, fangs 3,
see invisible, carnivore, speed 1, shaggy fur 3, slow metabolism 1, sharp paws
a: Shadow Step, Shadow Form, Renounce Religion, Evoke Flight


You were on level 2 of the Shoals.
You worshipped Dithmenos.
Dithmenos was exalted by your worship.
You were not hungry.

You visited 8 branches of the dungeon, and saw 32 of its levels.

You collected 2589 gold pieces.
You spent 1516 gold pieces at shops.

Inventory:

Jewellery
 a - a +2 ring of strength
 f - a ring of flight (right paw)
 i - a +5 ring of slaying (left paw)
 q - an uncursed ring of ice
 r - an uncursed ring of fire
 C - an uncursed ring of protection from magic
 D - an amulet of regeneration (around neck)
 E - a +3 ring of protection
 I - an uncursed ring of ice
 K - an uncursed amulet of the acrobat
 P - an uncursed amulet of rage
 S - a +2 amulet of reflection
 T - an uncursed ring of protection from fire
Wands
 g - a wand of iceblast (21)
 u - a wand of random effects (14)
 x - a wand of disintegration (13)
 y - a wand of enslavement (18)
 z - a wand of flame (32)
 A - a wand of scattershot (1)
 F - a wand of paralysis (30)
 M - a wand of polymorph (6)
 N - a wand of acid (3)
 O - a wand of digging (8)
 Q - a wand of clouds (7)
Scrolls
 b - 2 scrolls of blinking
 m - 9 scrolls of remove curse
 p - 8 scrolls of teleportation
 s - 5 scrolls of magic mapping
 t - 5 scrolls of amnesia
 J - 2 scrolls of identify
 U - a scroll of fear
 V - a scroll of fog
Potions
 d - a potion of berserk rage
 e - 3 potions of brilliance
 h - 4 potions of might
 j - 17 potions of curing
 k - 5 potions of agility
 l - a potion of invisibility
 n - 9 potions of flight
 o - a potion of resistance
 v - 2 potions of magic
 w - a potion of heal wounds
 B - a potion of ambrosia
 G - 4 potions of cancellation
 H - 2 potions of lignification
 L - 10 potions of mutation
 R - 2 potions of haste
Miscellaneous
 W - a lightning rod (4/4)
Comestibles
 c - 77 rations
 X - 3 chunks of flesh


   Skills:
 + Level 15.7 Fighting
 - Level 15.0 Dodging
 - Level 22.0 Stealth
 + Level 15.7 Unarmed Combat
 - Level 5.3 Spellcasting
 + Level 11.7 Hexes
 - Level 4.4 Translocations


You had 3 spell levels left.
You knew the following spells:

 Your Spells              Type           Power        Failure   Level  Hunger
a - Shroud of Golubria    Chrm/Tloc      ##....       10%         2    ##.....
b - Blink                 Tloc           N/A          4%          2    ##.....
c - Confuse               Hex            #####...     1%          3    ###....
d - Slow                  Hex            #####...     1%          2    ##.....
e - Darkness              Hex            #####.....   21%         6    #######
f - Invisibility          Hex            #####...     21%         6    #######

Your spell library contained the following spells:

 Spells                   Type           Power        Failure   Level  Hunger
 Corona                   Hex            #####..      1%          1    None
 Tukima's Dance           Hex            #####...     1%          3    ###....
 Ensorcelled Hibernation  Hex/Ice        ###...       2%          2    ##.....
 Dazzling Spray           Conj/Hex       ###...       4%          3    ###....
 Inner Flame              Hex/Fire       ###.....     4%          3    ###....
 Gell's Gravitas          Tloc           ###.......   8%          3    ###....
 Lesser Beckoning         Tloc           ###.......   8%          3    ###....
 Teleport Other           Tloc           ###.....     8%          3    ###....
 Infusion                 Chrm           #...         16%         1    None
 Magic Dart               Conj           #...         16%         1    None
 Call Imp                 Summ           #.......     24%         2    ##.....
 Passwall                 Tmut/Erth      #.......     24%         2    ##.....
 Searing Ray              Conj           #.....       24%         2    ##.....
 Song of Slaying          Chrm           #.......     24%         2    ##.....
 Swiftness                Chrm/Air       #.......     24%         2    ##.....
 Conjure Flame            Conj/Fire      #.......     43%         3    ###....
 Mephitic Cloud           Conj/Pois/Air  #.......     43%         3    ###....
 Regeneration             Chrm/Necr      #.........   43%         3    ###....
 Cause Fear               Hex            #####.....   1%          4    ####...
 Fulminant Prism          Conj/Hex       ###.......   14%         4    ####...
 Leda's Liquefaction      Hex/Erth       ###.......   14%         4    ####...
 Passage of Golubria      Tloc           N/A          26%         4    ####...
 Force Lance              Conj/Tloc      ##......     54%         4    ####...
 Iskenderun's Mystic Bla  Conj           #.......     85%         4    ####...
 Bolt of Magma            Conj/Fire/Erth #.........   99%         5    ######.
 Lee's Rapid Deconstruct  Erth           #.........   99%         5    ######.
 Iron Shot                Conj/Erth      #.........   100%        6    #######
 Statue Form              Tmut/Erth      #........    100%        6    #######
 Shatter                  Erth           #.........   100%        9    #######
 Portal Projectile        Hex/Tloc       Unusable     N/A         3    N/A
 Spectral Weapon          Hex/Chrm       Unusable     N/A         3    N/A

Dungeon Overview and Level Annotations

Branches:
Dungeon (15/15)            Temple (1/1) D:4            Lair (6/6) D:9
 Shoals (2/4) Lair:3       Spider (4/4) Lair:2        Slime (0/5) Lair:5
    Orc (2/2) D:11            Elf (1/3) Orc:2        Vaults (0/5) D:14
 Depths (1/5) D:15

Altars:
Ashenzari
Cheibriados
Dithmenos
Elyvilon
Fedhas
Gozag
Hepliaklqana
Kikubaaqudgha
Makhleb
Nemelex Xobeh
Okawaru
Qazlal
Ru
Sif Muna
Trog
Uskayaw
Vehumet
Wu Jian
Xom
Yredelemnul
Zin
The Shining One
Beogh
Jiyva
Lugonu

Shops:
D:5 (   D:8 !   Orc:2 *[([   Elf:1 [}*=   Shoals:1 *

Annotations:
Lair:5 1 runed translucent door
Shoals:1 3 runed translucent doors, exclusion: obsidian statue
Spider:2 1 runed translucent door, Vinagh's ghost, journeyman DsFi


Innate Abilities, Weirdness & Mutations

You cannot wear armour.
You are incapable of wielding weapons or throwing items.
Your paws allow you to move quietly. (Stealth)
You have sharp claws.
You have razor-sharp teeth.
You have supernaturally acute eyesight. (SInv)
You are carnivorous and can eat meat at any time.
You cover ground quickly.
Your thick and shaggy fur keeps you warm. (AC +3, rC+)
You have a slow metabolism.
Your sharp claws are effective at attacking unaware monsters.


Message History

You fly up into the air.
You feel somewhat less full.
Found a rapier.
Found a stone staircase leading down.
You barely miss the water nymph. The water nymph casts a spell at you.
The water rises up and strikes you!
You emit a cloud of dark smoke.
You claw the water nymph!
The water nymph is moderately wounded.
You mangle the water nymph!!
The water nymph is severely wounded.
The water nymph points at you and mumbles some strange words.
The water rises up and strikes you!
You emit a cloud of dark smoke.
You closely miss the water nymph.
The water nymph is severely wounded.
Your shadow barely misses the water nymph.
The water nymph points at you and mumbles some strange words.
The water rises up and strikes you!
You die...
You are now level 15!
You rejoin the land of the living...
Are you sure you want to abandon this character and quit the game? (Confirm with "yes".)

≈≈≈≈≈≈≈≈≈≈≈≈≈≈≈≈≈≈≈≈≈≈≈≈≈≈≈≈≈≈≈≈#
≈.≈≈≈≈≈≈≈≈≈≈≈≈≈≈≈≈(≈≈≈≈≈≈≈≈≈≈≈≈≈#
≈.....≈≈≈≈≈≈≈≈≈≈≈≈≈≈≈≈≈≈≈≈≈≈≈≈≈≈#
......≈≈≈≈≈≈≈≈≈≈≈≈...≈≈≈≈≈≈≈≈≈≈≈#
.....≈≈≈≈≈≈≈≈≈≈≈≈.≈......≈≈≈≈≈≈≈#
......≈≈≈≈≈≈≈≈≈≈≈≈(...##.≈≈≈≈≈≈≈#
##....≈≈≈≈≈≈≈≈....≈....#..≈≈≈≈≈≈#
##....≈≈≈≈≈≈≈≈≈.........≈≈≈≈≈≈≈≈#
###.≈≈≈≈≈≈≈≈≈≈≈.@.(...≈≈≈≈≈≈≈≈≈≈#
###.≈≈≈≈≈≈≈≈≈...####..≈≈≈≈≈≈≈≈≈≈#
P##.≈≈≈≈≈≈≈≈≈...###.....≈≈≈≈≈≈≈≈#
..##.≈≈≈≈≈≈≈≈.........≈≈≈≈≈≈≈≈≈≈#
##.#.≈≈≈≈≈≈≈≈.##.......≈≈≈≈≈≈≈≈≈#
.?##≈≈≈≈≈≈≈≈≈≈.#...≈.≈≈≈≈≈≈≈≈≈≈≈#
?.##.≈≈≈≈≈≈≈≈≈≈.[...≈≈≈≈≈≈≈≈≈≈≈≈#
####PPP≈.≈≈≈≈≈.....≈≈≈≈≈≈≈≈≈≈≈≈≈#
#PP≈P....≈≈≈.=≈≈≈≈≈≈≈≈≈≈≈≈≈≈≈≈#


There were no monsters in sight!

Vanquished Creatures
  Saint Roka (Orc:2)
  Kirke (Lair:6)
  Agnes (Spider:4)
  Louise (D:15)
  An emperor scorpion (Spider:2)
  A stone giant (Depths:1)
  2 entropy weavers
  A dire elephant (Lair:6)
  A deep elf death mage (Elf:1)
  An ettin (Orc:1)
  4 merfolk impalers
  Fannar (Lair:2)
  A fire dragon (D:15)
  Erolcha (D:10)
  9 hydras
  An anaconda (shapeshifter) (D:15)
  A rakshasa (D:15)
  3 centaur warriors
  An ogre mage (D:15)
  A catoblepas (Lair:6)
  12 two-headed ogres
  A merfolk avatar (Shoals:2)
  A merfolk aquamancer (Shoals:1)
  A dancing weapon (Orc:2)
  3 orc high priests
  8 death yaks
  Urug (Lair:6)
  3 deep elf knights (Elf:1)
  Nergalle (Lair:1)
  A deep troll (D:15)
  6 sea snakes
  2 unseen horrors (D:13)
  A wizard (D:14)
  4 deep elf archers (Elf:1)
  Pikel (D:9)
  2 lindwurms (Lair:6)
  5 harpies (Shoals:1)
  5 ugly things
  13 orb spiders
  5 orc sorcerers
  5 cyclopes
  An oklob plant (Lair:2)
  16 deep elf magi (Elf:1)
  17 wolf spiders
  8 fauns
  10 manticores
  6 black mambas
  7 elephants
  2 merfolk sirens (Shoals:2)
  3 centaur zombies
  2 water nymphs
  Maurice (D:9)
  A rust devil (D:14)
  A moth of wrath (Spider:2)
  7 spiny frogs
  A naga mage (D:15)
  An orange demon (D:14)
  4 centaur skeletons
  3 gargoyles (D:14)
  A kobold demonologist (D:14)
  6 rime drakes
  2 komodo dragons (Lair:6)
  5 demonic crawlers
  6 merfolk (Shoals:1)
  A freezing wraith (D:15)
  2 queen bees
  3 red devils (D:14)
  3 tengu conjurers (D:14)
  8 trolls
  6 meliai (D:15)
  4 wind drakes
  4 hornets
  9 polar bears (Lair:6)
  34 jumping spiders
  Prince Ribbit (D:9)
  26 blink frogs
  8 slime creatures (D:15)
  6 snapping turtles
  6 dream sheep
  10 hippogriffs
  A shadow (D:14)
  3 vampires (D:14)
  4 water elementals
  A wraith (D:14)
  An air elemental (Elf:1)
  58 redbacks
  17 tarantellas
  4 wyverns
  55 yaks
  5 hogs
  A hungry ghost (D:14)
  7 basilisks
  Eustachio (D:5)
  8 vampire mosquitoes
  7 wargs
  3 porcupines
  5 water moccasins
  15 hell hounds (Lair:6)
  4 sky beasts
  40 orc warriors
  2 ice beasts
  11 black bears (Lair:6)
  4 phantoms
  17 ogres
  7 boggarts
  8 centaurs
  13 wolves
  11 crocodiles
  9 bullfrogs
  An earth elemental (Elf:1)
  3 wyvern skeletons
  5 scorpions
  7 wights
  41 killer bees
  A vampire bat (D:3)
  2 electric eels
  6 crimson imps
  3 hounds
  23 orc wizards
  22 orc priests
  5 iron imps (D:14)
  3 jellies
  2 bullfrog skeletons
  Natasha (thrice) (D:2)
  3 iguanas
  5 hell rats (Lair:1)
  3 worker ants
  6 gnolls
  A howler monkey skeleton (D:9)
  5 river rats (Lair:1)
  14 adders
  3 shadow imps
  An ooze (D:1)
  An adder zombie (D:6)
  3 worms
  2 dart slugs
  6 leopard geckos
  105 orcs
  3 ball pythons
  3 bat skeletons (D:3)
  2 bat zombies (D:3)
  A giant cockroach (D:3)
  6 goblins
  7 hobgoblins
  4 jackals
  A quokka (D:9)
  5 bats
  4 frilled lizards
  A jackal skeleton (D:6)
  A jackal zombie (D:8)
  5 kobolds
  A quokka skeleton (D:9)
  A quokka zombie (D:5)
  13 rats
  4 fungi (Lair:2)
  8 plants
1034 creatures vanquished.

Vanquished Creatures (others)
  A deep elf mage (Elf:1)
  2 humans (Lair:6)
  4 slaves (D:9)
  A quokka (D:7)
  43 fungi
  35 plants
86 creatures vanquished.

Grand Total: 1120 creatures vanquished

Notes
Turn   | Place    | Note
-------+----------+-------------------------------------------
     0 | D:1      | Argons the Felid Warper began the quest for the Orb.
     0 | D:1      | Reached XP level 1. HP: 9/9 MP: 4/4
    48 | D:1      | Reached skill level 1 in Stealth
   289 | D:1      | Reached XP level 2. HP: 13/13 MP: 6/6
   293 | D:1      | Learned a level 2 spell: Shroud of Golubria
   296 | D:1      | Learned a level 2 spell: Blink
  1138 | D:2      | Reached skill level 2 in Stealth
  1711 | D:3      | Reached XP level 3. HP: 16/16 MP: 7/7
  1807 | D:2      | Noticed Natasha
  1991 | D:4      | Found a glowing golden altar of the Shining One.
  2210 | D:3      | Found an ancient bone altar of Kikubaaqudgha.
  2280 | D:3      | Reached skill level 3 in Stealth
  2280 | D:3      | Reached XP level 4. HP: 20/21 MP: 5/8
  2334 | D:3      | Found a shattered altar of Ashenzari.
  3208 | D:2      | Reached XP level 5. HP: 24/24 MP: 6/9
  3275 | D:2      | Killed Natasha
  3275 | D:2      | Reached skill level 4 in Stealth
  3382 | D:2      | Noticed Natasha
  3390 | D:2      | Killed Natasha
  3702 | D:2      | Noticed Natasha
  3711 | D:2      | Killed Natasha
  3926 | D:3      | Noticed an ice beast
  4082 | D:4      | Noticed a moth of wrath
  4122 | D:4      | Found an ornate altar of the Wu Jian Council.
  4144 | D:4      | Found a burning altar of Makhleb.
  4238 | D:5      | Entered Level 5 of the Dungeon
  4244 | D:5      | Found a shimmering blue altar of Sif Muna.
  4316 | D:5      | Noticed Eustachio
  4407 | D:5      | Noticed an ogre
  4523 | D:5      | Found a sacrificial altar of Ru.
  4611 | D:5      | Gained mutation: You are covered in thick fur. (AC +2)
                  | [Felid growth]
  4611 | D:5      | Reached XP level 6. HP: 28/28 MP: 7/10
  4765 | D:5      | Found Saethi's Weapon Shop.
  4775 | D:5      | Reached skill level 5 in Stealth
  5034 | D:7      | Found a white marble altar of Elyvilon.
  5050 | D:6      | Noticed a troll
  5062 | D:6      | Found a stormy altar of Qazlal.
  5473 | D:6      | Noticed an orc warrior
  5595 | D:5      | Reached XP level 7. HP: 33/33 MP: 9/11
  5665 | D:5      | Killed Eustachio
  5665 | D:5      | Reached skill level 6 in Stealth
  5836 | D:5      | Reached skill level 5 in Unarmed Combat
  6177 | D:4      | Found a bloodstained altar of Trog.
  6381 | D:3      | Reached skill level 5 in Fighting
  6522 | D:3      | Reached skill level 7 in Stealth
  6696 | D:4      | Found a glowing silver altar of Zin.
  6725 | D:4      | Found a staircase to the Ecumenical Temple.
  6733 | Temple   | Entered the Ecumenical Temple
  7322 | D:7      | Reached XP level 8. HP: 37/37 MP: 8/12
  7411 | D:7      | Noticed a cyclops
  7496 | D:8      | Reached skill level 8 in Stealth
  7631 | D:8      | Found an opulent altar of Gozag.
  8377 | D:6      | Reached skill level 9 in Stealth
  8380 | D:6      | Reached skill level 5 in Dodging
  8683 | D:6      | Killed a troll
  8848 | D:6      | Reached XP level 9. HP: 42/42 MP: 13/13
  8856 | D:6      | Reached skill level 10 in Stealth
  9145 | D:8      | Found a basalt altar of Yredelemnul.
  9336 | D:9      | Found a staircase to the Lair.
  9336 | D:9      | Noticed an elephant
  9357 | D:9      | Noticed Maurice
  9856 | D:7      | Found a shadowy altar of Dithmenos.
  9868 | D:7      | Became a worshipper of Dithmenos the Shadowed
 10607 | D:7      | Killed a cyclops
 10607 | D:7      | Reached skill level 11 in Stealth
 10840 | D:8      | Found Paskypp's Distillery.
 10845 | D:8      | Bought a potion of heal wounds for 50 gold pieces
 10845 | D:8      | Bought a potion of heal wounds for 50 gold pieces
 10845 | D:8      | Bought a potion of heal wounds for 50 gold pieces
 10845 | D:8      | Bought a potion of degeneration for 10 gold pieces
 10862 | D:8      | Found an iron altar of Okawaru.
 11190 | D:9      | Paralysed by a hornet for 3 turns
 11448 | D:9      | Reached XP level 10. HP: 48/48 MP: 11/14
 11761 | D:10     | Entered Level 10 of the Dungeon
 11827 | D:10     | Reached skill level 12 in Stealth
 11973 | D:10     | Noticed Erolcha
 12527 | D:9      | Noticed Pikel
 12537 | D:9      | Killed Pikel
 12606 | D:9      | Noticed Prince Ribbit
 12617 | D:9      | Killed Prince Ribbit
 13709 | D:9      | Reached skill level 13 in Stealth
 13821 | D:9      | Reached * piety under Dithmenos
 14549 | D:8      | HP: 2/49 [killer bee (8)]
 15631 | D:10     | Reached XP level 11. HP: 54/54 MP: 15/15
 16118 | D:11     | Noticed a red ugly thing
 16147 | D:11     | Reached skill level 10 in Unarmed Combat
 16152 | D:11     | Reached skill level 10 in Fighting
 16166 | D:10     | Killed Erolcha
 16166 | D:10     | Reached skill level 14 in Stealth
 16630 | D:11     | Reached ** piety under Dithmenos
 17131 | D:12     | Noticed a two-headed ogre
 17139 | D:12     | Killed a two-headed ogre
 17210 | D:12     | Reached skill level 15 in Stealth
 17860 | D:12     | Noticed a six-headed hydra
 17935 | D:12     | Killed a six-headed hydra
 17985 | D:13     | Noticed a centaur warrior
 18314 | D:9      | Killed Maurice
 18524 | Lair:1   | Entered Level 1 of the Lair of Beasts
 18804 | Lair:1   | Reached *** piety under Dithmenos
 18804 | Lair:1   | Reached skill level 16 in Stealth
 18822 | Lair:1   | Reached skill level 10 in Dodging
 18822 | Lair:1   | Gained mutation: Your thick and shaggy fur keeps you warm.
                  | (AC +3, rC+) [Felid growth]
 18822 | Lair:1   | Reached XP level 12. HP: 58/58 MP: 16/16
 19340 | Lair:1   | Noticed Nergalle
 19371 | Lair:1   | Killed Nergalle
 19763 | Lair:2   | Noticed Fannar
 19769 | Lair:2   | Killed Fannar
 19819 | Lair:2   | Found a hole to the Spider Nest.
 19936 | Lair:2   | Noticed a seven-headed hydra
 20636 | Lair:2   | Found a blossoming altar of Fedhas.
 21017 | Lair:3   | Reached skill level 17 in Stealth
 21643 | Lair:3   | Noticed a seven-headed hydra
 21806 | Lair:3   | Found a staircase to the Shoals.
 21989 | Lair:3   | Noticed a seven-headed hydra
 23822 | Lair:3   | Killed a seven-headed hydra
 24428 | Lair:2   | Killed a seven-headed hydra
 25411 | Lair:3   | Killed a seven-headed hydra
 25993 | Lair:4   | Noticed an eight-headed hydra
 26078 | Lair:4   | Noticed a seven-headed hydra
 26136 | Lair:4   | Reached XP level 13. HP: 48/63 MP: 17/17
 26493 | Lair:4   | Reached **** piety under Dithmenos
 26587 | Lair:4   | Reached skill level 18 in Stealth
 26616 | Lair:4   | Learned a level 3 spell: Confuse
 26638 | Lair:4   | Learned a level 2 spell: Slow
 26706 | Lair:4   | Reached skill level 1 in Hexes
 27085 | Lair:5   | Found a gate leading to a gauntlet.
 27133 | Lair:5   | Found a runed translucent door.
 27133 | Lair:5   | Found a viscous altar of Jiyva.
 27149 | Lair:5   | Found a staircase to the Slime Pits.
 27149 | Lair:5   | Noticed an acid blob
 27149 | Lair:5   | Noticed an acid blob
 29625 | Lair:6   | Entered Level 6 of the Lair of Beasts
 29625 | Lair:6   | Noticed Kirke
 29870 | Lair:6   | Reached skill level 5 in Hexes
 30388 | Lair:6   | Noticed a dire elephant
 31144 | Lair:6   | Noticed Urug
 31822 | D:11     | Found a staircase to the Orcish Mines.
 32084 | D:13     | Reached ***** piety under Dithmenos
 32382 | D:13     | You fall into a shaft and drop 1 floor!
 32673 | D:13     | Reached XP level 14. HP: 69/69 MP: 18/18
 33173 | D:14     | Found a gate to the Vaults.
 33426 | D:14     | Found a corrupted altar of Lugonu.
 33901 | D:15     | Entered Level 15 of the Dungeon
 34326 | D:8      | Bought a potion of mutation for 80 gold pieces
 34326 | D:8      | Bought a potion of mutation for 80 gold pieces
 34563 | Spider:1 | Entered Level 1 of the Spider Nest
 34636 | Shoals:1 | Entered Level 1 of the Shoals
 34828 | Orc:1    | Entered Level 1 of the Orcish Mines
 35029 | Orc:2    | Entered Level 2 of the Orcish Mines
 35646 | Orc:2    | Found a roughly hewn altar of Beogh.
 35650 | Orc:2    | Reached ****** piety under Dithmenos
 35769 | Orc:2    | Noticed Saint Roka
 36207 | Lair:6   | Killed Kirke
 36301 | Lair:6   | Reached skill level 5 in Spellcasting
 37551 | Lair:6   | Killed Urug
 37853 | Lair:6   | Reached XP level 15. HP: 51/75 MP: 23/23
 39884 | D:15     | Found a staircase to the Depths.
 39944 | D:15     | Reached skill level 19 in Stealth
 39957 | Depths:1 | Entered Level 1 of the Depths
 40261 | D:15     | Noticed Louise
 40296 | D:15     | Killed Louise
 41192 | Shoals:1 | Found a sacrificial altar of Ru.
 41780 | Shoals:1 | Found a runed translucent gate.
 41780 | Shoals:1 | Found a runed translucent gate.
 41780 | Shoals:1 | Found a runed translucent gate.
 41789 | Shoals:1 | Found an opulent altar of Gozag.
 41789 | Shoals:1 | Found Lauro's Assorted Antiques.
 41891 | Shoals:1 | Reached skill level 15 in Fighting
 41891 | Shoals:1 | Reached skill level 15 in Unarmed Combat
 43039 | Orc:2    | Found a roughly hewn altar of Beogh.
 43076 | Orc:2    | Found a staircase to the Elven Halls.
 43137 | Orc:2    | Found a roughly hewn altar of Beogh.
 43159 | Orc:2    | Found a roughly hewn altar of Beogh.
 43164 | Orc:2    | Found Duudatamn's Assorted Antiques.
 43169 | Orc:2    | Bought a scroll of blinking for 180 gold pieces
 43169 | Orc:2    | Bought a garnet ring for 120 gold pieces
 43546 | Lair:2   | Reached skill level 20 in Stealth
 44034 | Shoals:1 | Reached XP level 16. HP: 77/81 MP: 24/24
 48035 | D:15     | Reached skill level 21 in Stealth
 48287 | Elf:1    | Entered Level 1 of the Elven Halls
 48579 | Elf:1    | Found Uddatz's Jewellery Shoppe.
 48756 | Orc:2    | Found a roughly hewn altar of Beogh.
 48761 | Orc:2    | Found Jothrulewk's Antique Armour Shop.
 48811 | Orc:2    | Found Ruxeix's Antique Weapon Shoppe.
 48812 | Orc:2    | Found a roughly hewn altar of Beogh.
 48823 | Orc:2    | Found Sefywum's Antique Armour Emporium.
 49129 | D:15     | Killed from afar by a rakshasa (illusionary)
 49130 | D:15     | Reached XP level 15. HP: 0/77 MP: 23/23
 50957 | Spider:2 | Found a runed translucent door.
 51415 | Spider:2 | Reached skill level 22 in Stealth
 51502 | Spider:2 | Noticed Vinagh's ghost (journeyman DsFi)
 52359 | Spider:3 | Reached skill level 15 in Dodging
 53138 | Spider:2 | Reached XP level 16. HP: 81/81 MP: 20/24
 53871 | Orc:2    | Reached skill level 10 in Hexes
 54113 | Elf:1    | Learned a level 6 spell: Darkness
 54123 | Elf:1    | Learned a level 6 spell: Invisibility
 54159 | Elf:1    | Found Xydiul Kurash's General Store.
 54177 | Elf:1    | Bought a scroll of fog for 32 gold pieces
 54177 | Elf:1    | Bought a potion of mutation for 128 gold pieces
 54177 | Elf:1    | Bought 2 potions of curing for 96 gold pieces
 54177 | Elf:1    | Bought a lightning rod (4/4) for 640 gold pieces
 54377 | Elf:1    | Found Wenelial's Armour Emporium.
 54446 | Elf:1    | Found Cianama's Gadget Boutique.
 54883 | Orc:2    | Killed Saint Roka
 55191 | D:15     | Upgraded the game from 0.24-a0-581-gc0fa6600bf to
                  | 0.24-a0-582-g4d4af813a0
 55641 | Spider:4 | Entered Level 4 of the Spider Nest
 55660 | Spider:4 | Noticed Agnes
 55662 | Spider:4 | Killed Agnes
 57463 | Shoals:2 | Killed from afar by a water nymph
 57464 | Shoals:2 | Reached XP level 15. HP: -6/78 MP: 23/23
 57466 | Shoals:2 | Quit the game

Levels and vault maps discovered:
D:1:      dpeg_arrival_connections, layout_loops_ring
D:2:      layout_loops_ring, uniq_natasha
D:3:      layout_loops_ring, old_standard_altar, kennysheep_vampire_church,
          first_ration, kennysheep_nub, minmay_quadrilaterals
D:4:      layout_rooms, kennysheep_mini, tgw_trog,
          nicolae_overflow_crystal_walls, kennysheep_little_box,
          lemuel_round_altar, minmay_temple_entry_tees,
          chequers_serial_rivers_micro_c
D:5:      layout_rooms, lemuel_doored_altar, lemuel_crystal_altar, serial_shops,
          shop, uniq_eustachio
D:6:      layout_gridville, kennysheep_mini_moat
D:7:      layout_basic, elyvilon_altar_4, grunt_dithmenos_shadows
D:8:      layout_loops_cross, overflow_temple_1_default, old_standard_altar,
          serial_shops, shop, david_nohive_1, grunt_gozag_breadcrumbs
D:9:      layout_basic, david_lair_generic, uniq_pikel, uniq_maurice,
          uniq_prince_ribbit1
D:10:     layout_basic, uniq_erolcha
D:11:     layout_basic, erik_orc_2
D:12:     layout_loops_cross, corexii_corridor_pit
D:13:     layout_big_octagon, onia_ninara_dug_in_and_dangerous
D:14:     layout_roguey, david_vaults_1, columned_hall_lemuel, minivault_25,
          lemuel_hellish_altar
D:15:     hangedman_depths_entry_try_elsewhere_first, layout_loops_ring,
          special_room [special_room_bee], uniq_louise
Temple:   corrupted_temple
Lair:1:   layout_cave_pods, kennysheep_abandoned_house, uniq_nergalle
Lair:2:   layout_small_grid, spider_nest_entry_webs, small_statue_intersection,
          tgw_fedhas, uniq_fannar
Lair:3:   layout_roguey, minmay_shoals_entry_beasts, serial_bayou_shore_a
Lair:4:   layout_regular_city, infiniplex_staircase_pool_2
Lair:5:   layout_regular_city, slime_altar_2, gauntlet_entry_generic,
          grunt_megastairs_5, lemuel_fruit_tree, serial_bayou_shore_b
Lair:6:   hangedman_lair_in_review, layout_regular_city,
          hangedman_lair_caniforms_friends, uniq_kirke, uniq_urug
Shoals:1: layout_shoals, ebering_ghost_gozag, lemuel_centaur_altar
Shoals:2: layout_shoals, serial_shops, nicolae_shop_behind_doors,
          nicolae_shoals_dead_sea_scrolls
Spider:1: layout_spider_delve, guppyfry_spider_mini_1
Spider:2: layout_spider_delve, ebering_ghost_reflecting_pool, drop_trap,
          nicolae_orb_island
Spider:3: layout_chambers
Spider:4: guppyfry_spider_rune, drop_trap, uniq_agnes
Orc:1:    layout_caves
Orc:2:    grunt_orc_community_town_hall, layout_caves,
          grunt_orc_community_big_house_2, grunt_orc_community_big_house_2,
          grunt_orc_community_house_3, grunt_orc_community_house_3,
          grunt_orc_community_house_1, grunt_orc_community_house_3,
          grunt_orc_community_house_2
Elf:1:    minmay_elf_arrival_circle, layout_loops_corners, serial_shops, shop,
          nicolae_shop_behind_doors, shop_statue, nicolae_shop_behind_doors,
          minivault_28
Depths:1: minmay_guarded_unrand_sceptre_of_torment, layout_basic,
          mu_enter_wizlab_4, bh_walls_and_bars, hell_entry, grunt_ministairs_9,
          chequers_serial_rivers_small_a, nrook_kobold_shadow_demons,
          minmay_shop_grove, serial_bayou_shore_b, serial_bayou_shore_b,
          uniq_asterion

Skill      XL: |  1  2  3  4  5  6  7  8  9 10 11 12 13 14 15 16 |
---------------+-------------------------------------------------+-----
Stealth        | 1 2 3 4 5 7 9 11 13 16 17 18 22 21 | 22.0
Fighting       | 3 4 5 6 8 9 10 11 12 13 15 | 15.7
Unarmed Combat | 3 4 5 6 8 9 10 11 12 13 15 | 15.7
Dodging        | 5 10 11 15 13 | 15.0
Hexes          | 8 9 11 | 11.7
Spellcasting   | 5 |  5.3
Translocations | |  4.4

Action                   |  1- 3 |  4- 6 |  7- 9 | 10-12 | 13-15 | 16-18 || total
-------------------------+-------+-------+-------+-------+-------+-------++-------
Melee: Unarmed           |    85 |   144 |   209 |   758 |  1782 |   517 ||  3495
       Bite              |     6 |    11 |    19 |    80 |   250 |    65 ||   431
       Punch             |     1 |     2 |     3 |    40 |   115 |    28 ||   189
 Cast: Shroud of Golubri |     1 |    11 |    26 |    49 |    35 |     3 ||   125
       Slow              |       |       |       |       |     2 |       ||     2
       Blink             |       |       |       |       |     1 |     1 ||     2
       Confuse           |       |       |       |       |    21 |    20 ||    41
Invok: Shadow Step       |       |       |       |       |       |     1 ||     1
 Abil: Evoke Flight      |       |       |       |       |    14 |    17 ||    31
Evoke: Wand              |       |       |       |       |    30 |    23 ||    53
  Use: Scroll            |     3 |     3 |     9 |    13 |     6 |     4 ||    38
       Potion            |       |       |     2 |     1 |     2 |     8 ||    13
 Stab: Sleeping          |     7 |     9 |    23 |    46 |   109 |    56 ||   250
       Distracted        |       |     1 |     3 |     6 |    32 |    11 ||    53
       Confused          |       |       |       |       |     9 |    10 ||    19
       Held in net/web   |       |       |       |       |     1 |       ||     1
       Invisible         |       |       |       |       |       |     4 ||     4
  Eat: Chunk             |     9 |     8 |    13 |    32 |    51 |    25 ||   138
Armor: Skin              |     7 |       |     5 |    20 |    53 |     4 ||    89
Dodge: Dodged            |    68 |    88 |   111 |   734 |  1706 |   427 ||  3134

Table legend:
 A = Non-vault XP
 B = Vault XP
 C = Vault XP percentage of total XP
 D = Non-vault monster count
 E = Vault monster count
 F = Vault count percentage of total count
                 A         B        C        D         E       F
            +---------+---------+-------+---------+---------+-------
      Total |  176944 |   70901 |  28.6 |     711 |     312 |  30.5
            +---------+---------+-------+---------+---------+-------
        D:1 |      18 |       0 |   0.0 |       8 |       0 |   0.0
        D:2 |     133 |      39 |  22.7 |      18 |       2 |  10.0
        D:3 |     312 |      76 |  19.6 |      29 |      11 |  27.5
        D:4 |     156 |       9 |   5.5 |       6 |       5 |  45.5
        D:5 |     222 |     188 |  45.9 |       9 |       1 |  10.0
        D:6 |    1084 |       0 |   0.0 |      24 |       0 |   0.0
        D:7 |    1152 |     125 |   9.8 |      16 |       1 |   5.9
        D:8 |    1235 |    1341 |  52.1 |      16 |      17 |  51.5
        D:9 |    2626 |    2278 |  46.5 |      27 |       7 |  20.6
       D:10 |    1662 |    1010 |  37.8 |      26 |       1 |   3.7
       D:11 |    3698 |    1494 |  28.8 |      19 |      23 |  54.8
       D:12 |    5417 |       0 |   0.0 |      39 |       0 |   0.0
       D:13 |    5578 |       0 |   0.0 |      16 |       0 |   0.0
       D:14 |   12901 |    4611 |  26.3 |      44 |      18 |  29.0
       D:15 |   15202 |    6165 |  28.9 |      36 |      25 |  41.0
     Lair:1 |    2887 |    1577 |  35.3 |      12 |      17 |  58.6
     Lair:2 |    4721 |    2027 |  30.0 |      12 |       4 |  25.0
     Lair:3 |    6021 |     776 |  11.4 |      20 |       2 |   9.1
     Lair:4 |    6746 |       0 |   0.0 |      24 |       0 |   0.0
     Lair:5 |    5885 |    2883 |  32.9 |      19 |       8 |  29.6
     Lair:6 |    8321 |   22205 |  72.7 |      25 |      78 |  75.7
   Shoals:1 |   18420 |     430 |   2.3 |      38 |       4 |   9.5
   Shoals:2 |   10780 |       0 |   0.0 |      22 |       0 |   0.0
   Spider:1 |   12059 |    2060 |  14.6 |      37 |       8 |  17.8
   Spider:2 |   21317 |    2904 |  12.0 |      64 |       5 |   7.2
   Spider:3 |    2764 |       0 |   0.0 |      10 |       0 |   0.0
   Spider:4 |    6081 |    2035 |  25.1 |      21 |       1 |   4.5
      Orc:1 |    2863 |    1205 |  29.6 |      22 |       8 |  26.7
      Orc:2 |    2529 |    9103 |  78.3 |      26 |      54 |  67.5
      Elf:1 |   10989 |    6360 |  36.7 |      23 |      12 |  34.3
   Depths:1 |    3165 |       0 |   0.0 |       3 |       0 |   0.0
            +---------+---------+-------+---------+---------+-------
